 Dungeon Crawl Stone Soup version 0.28-a0-80-g9707f7362f (webtiles) character file.

Game seed: 5182840689911941651

16815 Foolio the Spear-Bearer (level 12, 0/108 HPs)
             Began as a Minotaur Fighter on Aug 6, 2021.
             Was the Champion of Okawaru.
             Slain by an orc warrior (12 damage)
             ... on level 1 of the Orcish Mines.
             The game lasted 00:33:00 (9825 turns).

Foolio the Spear-Bearer (Minotaur Fighter)          Turns: 9825, Time: 00:33:00

Health: 0/108      AC: 25    Str: 27    XL:     12   Next: 13%
Magic:  11/11      EV:  9    Int:  5    God:    Okawaru [******]
Gold:   1061       SH: 12    Dex:  9    Spells: 11/11 levels left

rFire   . . .      SeeInvis .   J - +3 trident (vamp)
rCold   . . .      Faith    .   c - +0 kite shield
rNeg    . . .      Spirit   .   H - +1 crystal plate armour
rPois   +          Reflect  .   (helmet restricted)
rElec   .          Harm     .   (no cloak)
rCorr   .          Rampage  .   m - +0 pair of gloves
Will    .....                   r - +1 pair of boots
Stlth   ..........              h - amulet of regeneration
HPRegen 1.28/turn               q - ring of poison resistance
MPRegen 0.12/turn               e - +4 ring of evasion

@: no status effects
A: horns 2, retaliatory headbutt
a: Renounce Religion, Heroism, Finesse


You were on level 1 of the Orcish Mines.
You worshipped Okawaru.
Okawaru was exalted by your worship.
You visited 3 branches of the dungeon, and saw 14 of its levels.
You also visited: Sewer.

You collected 1061 gold pieces.

Inventory:

Hand Weapons
 a - a +1 trident
 g - a +2 vorpal halberd
 n - the +7 pair of quick blades "Gyre" and "Gimble" {protect}
   (You found it in a sewer)

   It grants its wielder temporary protection when it strikes (+7 to AC).
 v - a +2 shortbow of freezing
 C - a +0 demon whip of flaming
 J - a +3 vampiric trident (weapon)
Missiles
 s - 20 boomerangs (quivered)
 B - 48 arrows
 E - 10 javelins
 I - 2 throwing nets
Armour
 b - a +0 scale mail
 c - a +0 kite shield (worn)
 m - a +0 pair of gloves (worn)
 r - a +1 pair of boots (worn)
 u - +0 steam dragon scales
 w - the +1 ring mail of Liberalism {rElec Int+6 Dex-4 SInv}
   (You found it on level 4 of the Dungeon)

   Int:       It affects your intelligence (+6).
   Dex:       It affects your dexterity (-4).
   rElec:     It insulates you from electricity.
   SInv:      It lets you see invisible.
 H - a +1 crystal plate armour (worn)
Jewellery
 e - a +4 ring of evasion (right hand)
 f - a ring of willpower
 h - an amulet of regeneration (around neck)
 k - an amulet of faith
 l - an amulet of the acrobat
 o - a ring of resist corrosion
 q - a ring of poison resistance (left hand)
Wands
 d - a wand of iceblast (27)
 p - a wand of paralysis (11)
 A - a wand of mindburst (4)
Scrolls
 i - a scroll of magic mapping
 y - 5 scrolls of holy word
 z - 2 scrolls of fog
 D - 3 scrolls of teleportation
 G - a scroll of blinking {unknown}
 K - a scroll of identify
Potions
 j - 2 potions of flight
 t - 2 potions of resistance
 x - a potion of magic
 F - a potion of brilliance


   Skills:
 + Level 10.8 Fighting
 - Level 6.2 Short Blades
 * Level 14.1 Polearms
 + Level 10.8 Armour
 + Level 10.9 Shields


You had 11 spell levels left.
You didn't know any spells.
Your spell library contained the following spells:

 Spells                   Type           Power      Damage    Failure   Level
 Corona                   Hex            0%         N/A       100%        1
 Foxfire                  Conj/Fire      0%         2x1d4     100%        1
 Blink                    Tloc           N/A        N/A       100%        2
 Ensorcelled Hibernation  Hex/Ice        0%         N/A       100%        2
 Slow                     Hex            0%         N/A       100%        2
 Confusing Touch          Hex            0%         N/A       100%        3
 Conjure Flame            Conj/Fire      0%         6-21      100%        3
 Inner Flame              Hex/Fire       0%         N/A       100%        3
 Tukima's Dance           Hex            0%         N/A       100%        3
 Vampiric Draining        Necr           0%         2d6       100%        3
 Manifold Assault         Tloc           0%         N/A       100%        5
 Yara's Violent Unravell  Hex/Tmut       0%         3d3       100%        5
 Storm Form               Tmut/Air       0%         N/A       100%        7


Dungeon Overview and Level Annotations

Branches:
Dungeon (11/15)            Temple (1/1) D:5            Lair (0/6) D:10
    Orc (2/2) D:11            Elf (0/3) Orc:2         Sewer (visited)

Altars:
Ashenzari
Cheibriados
Dithmenos
Elyvilon
Fedhas
Gozag
Hepliaklqana
Kikubaaqudgha
Makhleb
Nemelex Xobeh
Okawaru
Qazlal
Ru
Sif Muna
Trog
Uskayaw
Vehumet
Wu Jian
Xom
Yredelemnul
Zin
The Shining One
Beogh

Shops:
Orc:1 *

Annotations:
D:5 Grinder
Orc:1 Harold


Innate Abilities, Weirdness & Mutations

You have a pair of horns on your head.
You reflexively headbutt those who attack you in melee.


Message History

You block the orc's attack.
You hit the orc knight.
You feel better.
The orc knight is severely wounded.
You block the orc warrior's attack.
You hit the orc knight but do no damage.
The orc knight is severely wounded.
The orc no longer looks unusually strong.
The orc knight roars a battlecry!
The orc goes into a battle-frenzy!
The orc hits you but does no damage.
The orc warrior hits you with a +0 long sword!
* * * LOW HITPOINT WARNING * * *
You hit the orc knight.
You feel better.
The orc knight is severely wounded.
The orc no longer looks unusually strong.
The orc hits you but does no damage. The orc knight barely misses you.
The orc warrior hits you with a +0 long sword!
* * * LOW HITPOINT WARNING * * *
You puncture the orc knight!
The orc knight is almost dead.
You barely miss the orc knight.
You headbutt the orc knight, but do no damage.
The orc knight is almost dead.
The orc knight hits you with a +1 great sword.
* * * LOW HITPOINT WARNING * * *
You block the orc's attack. The orc warrior completely misses you.
You completely miss the orc knight.
The orc knight is almost dead.
The orc warrior no longer looks unusually strong.
You block the orc's attack.
The orc knight hits you but does no damage.
You block the orc's attack. You block the orc warrior's attack.
You hit the orc knight but do no damage.
The orc knight is almost dead.
You closely miss the orc knight. You headbutt the orc knight.
You kill the orc knight!
Okawaru accepts your kill. The orc hits you but does no damage. x2
The orc warrior hits you with a +0 long sword!
You die...

. ###......... o.
#..........
.o.....{.... .....
...........# .......
...#.#...o# o......
..#...#...####.......
....∩.[....#.#.......
..#...#.))##.........
...#.#..){o@)........
. .......o)oo)....#
#................#
##.#.#.........$##
######........##
###..)..## ##....#
#...## #..##


You could see an orc warrior and 3 orcs.

Vanquished Creatures
  A boulder beetle (D:11)
  5 two-headed ogres
  An orc knight (Orc:1)
  An orc sorcerer (Orc:1)
  A manticore (D:11)
  Maggie (D:6)
  An unseen horror (D:9)
  A komodo dragon (D:11)
  7 trolls
  A hornet (D:8)
  Prince Ribbit (D:6)
  Sigmund (D:3)
  A vampire (D:9)
  A wyvern (D:10)
  4 yaks (D:10)
  Eustachio (D:6)
  A steam dragon (D:5)
  5 vampire mosquitoes (D:11)
  3 wargs
  A water moccasin (D:9)
  An acid dragon (D:7)
  12 orc warriors
  A black bear (D:8)
  2 ice beasts
  3 necrophages
  A sky beast (D:7)
  7 ogres
  A centaur (D:7)
  10 bullfrogs
  4 kobold brigands
  A gnoll sergeant (Orc:2)
  A scorpion (D:7)
  A wyvern skeleton (D:6)
  19 killer bees
  16 wights
  2 howler monkeys
  4 centaur zombies
  A bullfrog zombie (D:6)
  12 orc priests
  4 hounds
  A jelly (D:5)
  A gnoll shaman (D:4)
  A bullfrog skeleton (D:6)
  3 centaur skeletons
  2 iguanas (D:5)
  17 orc wizards
  2 howler monkey zombies
  6 adders
  7 gnolls
  An ufetubus (D:4)
  An adder skeleton (D:4)
  3 dart slugs
  70 orcs
  11 ball pythons
  3 bats
  6 endoplasms
  9 giant cockroaches
  A goblin (D:3)
  7 hobgoblins
  3 quokkas
  7 frilled lizards
  27 kobolds
  3 rats (D:1)
334 creatures vanquished.

Vanquished Creatures (others)
  2 fungi (D:1)
  3 toadstools (D:1)
  A withered plant (D:7)
6 creatures vanquished.

Grand Total: 340 creatures vanquished

Notes
Turn   | Place    | Note
-------+----------+-------------------------------------------
     0 | D:1      | Foolio the Minotaur Fighter began the quest for the Orb.
     0 | D:1      | Reached XP level 1. HP: 19/19 MP: 0/0
    50 | D:1      | Found a faded altar of an unknown god.
    84 | D:1      | Reached XP level 2. HP: 27/27 MP: 1/1
   486 | D:1      | Reached skill level 3 in Polearms
   538 | D:1      | Reached XP level 3. HP: 33/33 MP: 2/2
   899 | D:3      | Found a glowing drain.
   956 | Sewer    | Entered a sewer
   970 | Sewer    | Reached XP level 4. HP: 40/40 MP: 3/3
  1168 | Sewer    | Found the +7 pair of quick blades "Gyre" and "Gimble"
                  | {protect}
  1207 | Sewer    | Noticed a bullfrog
  1208 | Sewer    | Noticed a bullfrog
  1218 | Sewer    | Killed a bullfrog
  1219 | Sewer    | Reached skill level 4 in Polearms
  1219 | Sewer    | Reached XP level 5. HP: 29/47 MP: 4/4
  1498 | D:3      | Noticed Sigmund
  1568 | D:3      | Killed Sigmund
  1569 | D:3      | Reached skill level 5 in Fighting
  1569 | D:3      | Reached skill level 5 in Polearms
  1569 | D:3      | Reached skill level 5 in Armour
  1569 | D:3      | Reached skill level 5 in Shields
  1569 | D:3      | Reached XP level 6. HP: 47/56 MP: 5/5
  1786 | D:4      | Noticed an orc warrior
  1796 | D:4      | Killed an orc warrior
  1797 | D:4      | Reached XP level 7. HP: 34/61 MP: 6/6
  1979 | D:4      | Reached skill level 6 in Polearms
  2106 | D:4      | Identified the +1 ring mail of Liberalism {rElec Int+6
                  | Dex-4 SInv}
  2442 | D:5      | Entered Level 5 of the Dungeon
  2714 | D:5      | Found a staircase to the Ecumenical Temple.
  3045 | Temple   | Entered the Ecumenical Temple
  3097 | Temple   | Became a worshipper of Warmaster Okawaru
  3696 | D:6      | Noticed Maggie
  3696 | D:6      | Noticed a steam dragon
  3704 | D:6      | Noticed Grinder
  3705 | D:6      | Killed Maggie
  3706 | D:6      | Reached skill level 1 in Short Blades
  3706 | D:6      | Reached skill level 7 in Polearms
  3706 | D:6      | Reached XP level 8. HP: 25/70 MP: 7/7
  3712 | D:5      | HP: 3/70 [Grinder (5)]
  3965 | D:6      | Reached * piety under Okawaru
  4049 | D:6      | Noticed Prince Ribbit
  4061 | D:6      | Reached skill level 8 in Polearms
  4065 | D:6      | Killed Prince Ribbit
  4133 | D:6      | Reached ** piety under Okawaru
  4159 | D:6      | Noticed Eustachio
  4165 | D:6      | Killed Eustachio
  4294 | D:6      | Reached XP level 9. HP: 79/79 MP: 8/8
  4307 | D:6      | Reached skill level 9 in Polearms
  5436 | D:7      | Found a basalt altar of Yredelemnul.
  5561 | D:7      | Reached *** piety under Okawaru
  5565 | D:7      | Reached skill level 10 in Polearms
  5605 | D:7      | Found a sacrificial altar of Ru.
  5726 | D:8      | Noticed a troll
  5733 | D:8      | Killed a troll
  5758 | D:8      | Reached **** piety under Okawaru
  5900 | D:8      | Reached skill level 5 in Short Blades
  5912 | D:8      | Reached XP level 10. HP: 88/88 MP: 9/9
  6476 | D:8      | Reached skill level 11 in Polearms
  6657 | D:9      | Reached ***** piety under Okawaru
  6907 | D:9      | Found a shimmering altar of Xom.
  7029 | D:9      | Received a gift from Okawaru
  7140 | D:9      | Received a gift from Okawaru
  7810 | D:10     | Entered Level 10 of the Dungeon
  7838 | D:10     | Found a snail-covered altar of Cheibriados.
  7847 | D:10     | Noticed a two-headed ogre
  7862 | D:10     | Killed a two-headed ogre
  7863 | D:10     | Reached skill level 12 in Polearms
  7890 | D:10     | Found a shimmering blue altar of Sif Muna.
  7891 | D:10     | Found a glowing silver altar of Zin.
  7972 | D:10     | Reached XP level 11. HP: 81/97 MP: 10/10
  8126 | D:10     | Found a staircase to the Lair.
  8538 | D:11     | Noticed a two-headed ogre
  8546 | D:11     | Killed a two-headed ogre
  8566 | D:11     | Found an ornate altar of the Wu Jian Council.
  8709 | D:11     | Found a staircase to the Orcish Mines.
  8783 | D:11     | Noticed a two-headed ogre
  8791 | D:11     | Killed a two-headed ogre
  8791 | D:11     | Received a gift from Okawaru
  8792 | D:11     | Reached skill level 10 in Fighting
  8792 | D:11     | Reached skill level 10 in Armour
  8792 | D:11     | Reached skill level 10 in Shields
  8824 | D:11     | Noticed a boulder beetle
  8853 | D:11     | Killed a boulder beetle
  8854 | D:11     | Reached skill level 13 in Polearms
  8887 | D:11     | Reached ****** piety under Okawaru
  8975 | D:11     | Received a gift from Okawaru
  9223 | Orc:1    | Entered Level 1 of the Orcish Mines
  9317 | Orc:2    | Entered Level 2 of the Orcish Mines
  9319 | Orc:2    | Noticed a two-headed ogre
  9332 | Orc:2    | Killed a two-headed ogre
  9544 | Orc:2    | Found a staircase to the Elven Halls.
  9671 | Orc:2    | Noticed an orc high priest
  9672 | Orc:2    | Noticed an orc sorcerer
  9672 | Orc:2    | Noticed an orc high priest
  9679 | Orc:2    | Noticed an orc warlord
  9695 | Orc:1    | Noticed Harold
  9695 | Orc:1    | Noticed an orc knight
  9709 | Orc:1    | Killed an orc sorcerer
  9710 | Orc:1    | Reached XP level 12. HP: 54/108 MP: 11/11
  9724 | Orc:1    | Found Noxamuf's Overcharged Wands.
  9750 | Orc:1    | Noticed a two-headed ogre
  9760 | Orc:1    | Killed a two-headed ogre
  9761 | Orc:1    | Reached skill level 14 in Polearms
  9825 | Orc:1    | Slain by an orc warrior

Illustrated notes

Levels and vault maps discovered:
D:1:      tarquinn_simple_flora_water_d, layout_basic,
          shapermc_ecumenical_altar_totnotflames, minmay_gold_behind_fungi,
          minmay_tiny_reverse_x
D:2:      layout_loops_corners
D:3:      layout_basic, gup_sewer_entry_glass, chequers_mini_garden,
          uniq_sigmund
D:4:      layout_basic
D:5:      layout_basic, minmay_temple_entry_antechambers
D:6:      layout_cave_pods, minmay_circle_x, uniq_prince_ribbit1,
          uniq_eustachio, uniq_grinder, uniq_maggie
D:7:      layout_loops_ring, yredelemnul_altar_generic, general_overflow_altar,
          chequers_serial_rivers_room_b, due_unseen_surprise
D:8:      layout_loops_corners
D:9:      layout_layer_cave, mainiacjoe_overflow_catwalk, serial_undead,
          serial_undead_d, serial_undead_e, serial_undead_e, serial_undead_a
D:10:     layout_small_grid, mainiacjoe_overflow_small_starburst,
          chequers_temple_overflow_statue_of_worship, lair_entry_dummy
D:11:     layout_roguey, david_orc_5, nzn_wu_jian_contemplation
Temple:   eino_temple_scatter_basement
Orc:1:    layout_diamond_mine, nicolae_shop_overcharged_wands, uniq_harold
Orc:2:    st_orc_congregation, layout_caves, portal_ice_cave_entry_pillars_1

Skill      XL: |  1  2  3  4  5  6  7  8  9 10 11 12 |
---------------+-------------------------------------+-----
Shields        | 4 5 6 7 8 9 10 | 10.9
Armour         | 4 5 6 7 8 9 10 | 10.8
Polearms       | 3 4 5 7 8 10 12 13 14 | 14.1
Fighting       | 4 5 6 7 8 9 10 | 10.8
Short Blades   | 1 3 5 6 |  6.2

Action                   |  1- 3 |  4- 6 |  7- 9 | 10-12 || total
-------------------------+-------+-------+-------+-------++-------
Melee: Trident           |   106 |   105 |   105 |   533 ||   849
       Headbutt          |    11 |     9 |    37 |    98 ||   155
       Pair of quick bla |       |       |   168 |   171 ||   339
Throw: Boomerang         |       |       |     2 |     4 ||     6
  Use: Scroll            |     1 |       |    16 |     4 ||    21
       Potion            |       |     1 |     2 |     4 ||     7
Armor: Scale mail        |    37 |    56 |     8 |       ||   101
       Ring mail         |       |       |    59 |   100 ||   159
       Crystal plate arm |       |       |       |   141 ||   141
Dodge: Dodged            |    22 |    41 |   153 |   232 ||   448
Block: Kite shield       |    40 |    63 |    62 |   260 ||   425

Table legend: (Time is in decaauts)
 A = Elapsed time spent in this place.
 B = Non-inter-level travel time spent in this place.
 C = Inter-level travel time spent in this place.
 D = Time resting spent in this place.
 E = Time spent auto-exploring this place.
 F = Levels seen in this place.
 G = Mean time per level.
                   A        B        C        D        E       F      G
               +--------+--------+--------+--------+--------+-----+--------+
         Total |   9656 |   9056 |    600 |    249 |   6535 |  15 |  643.7 |
       Dungeon |   8606 |   8024 |    582 |    223 |   6120 |  11 |  782.4 |
        Temple |    162 |    144 |     18 |      0 |    124 |   1 |  162.0 |
  Orcish Mines |    533 |    533 |      0 |     26 |    230 |   2 |  266.5 |
         Sewer |    353 |    353 |      0 |      0 |     61 |   1 |  353.0 |
               +--------+--------+--------+--------+--------+-----+--------+

Top non-repeatable levels by time:
     D:5: 1578 daAuts
     D:9: 1113 daAuts
     D:8: 892 daAuts
     D:6: 876 daAuts
     D:1: 793 daAuts
     D:4: 775 daAuts
    D:10: 687 daAuts
    D:11: 662 daAuts
     D:3: 642 daAuts
     D:7: 469 daAuts
   Sewer: 353 daAuts
   Orc:2: 337 daAuts
   Orc:1: 195 daAuts
  Temple: 162 daAuts
     D:2: 114 daAuts
